Description

PvZ Econ 3 Base

Replay - [PvZ] Port Aleksander LE - zuka, Temix - 07_55

Build Order

Get SALT Encoding   

  12  0:01  Probe  
  13  0:13  Probe  
  14  0:22  Pylon  
  14  0:23  Probe  
  15  0:36  Probe  
  16  0:44  Gateway  
  16  0:47  Probe  
  17  0:52  Assimilator  
  17  0:59  Probe  
  18  1:09  Probe  
  18  1:10  Forge  
  18  1:17  Probe  
  19  1:32  Nexus  
  19  1:41  Cybernetics Core  
  19  1:44  Probe  
  20  1:51  Assimilator  
  20  1:56  Probe  
  20  1:59  Pylon  
  21  2:07  Adept  
  22  2:18  Warp Gate  
  25  2:33  Twilight Council  
  26  2:44  Stalker  
  31  3:04  Robotics Facility  
  36  3:32  Gateway  
  38  3:41  Dark Shrine  
  38  3:47  Adept  
  43  3:57  Warp Prism  
  43  3:59  Gateway x2  
  46  4:11  Pylon  
  46  4:14  Assimilator  
  46  4:23  Pylon  
  48  4:38  Nexus  
  50  4:52  Pylon  
  50  4:58  Dark Templar x4  
  58  5:02  Immortal  
  64  5:17  Assimilator  
  63  5:27  Charge  
  65  5:40  Immortal  
  65  5:42  Archon x2  
  66  5:46  Forge  
  79  6:19  Immortal  
  87  6:33  Zealot x4  
  96  6:42  Photon Cannon  
  97  6:48  Gateway x2  
  96  6:56  Dark Templar x2  
  100  7:02  Dark Templar x2  
  100  7:03  Archon  
  104  7:09  Archon  
  104  7:17  Gateway x2  
  104  7:33  Zealot x4  
Spawning Tool Build Advisor. Get it on Overwolf

Go to:

Details

  • Created by: OHSHEE
  • Published on: May 13, 2019
  • Modified on: May 13, 2019
  • Patch: 4.7.1
Show
View Real Time Build Order
Export as new Build Order

Comments (0)

There are no comments. Be the first!

Create an account to comment!